[ AOE2 MATCH · #472712834 ]
UnrankedBohemians vs Bulgarians
[ REPLAY ANALYSIS · EXTRACTED FROM THE RECORDED GAME ]
Feudal
11:09
Castle
21:23
Imperial
—
| APM avg | 4.1 |
| APM peak | 41 |
| eAPM avg | 2.1 |
| Villagers / military | 39 / 16 |
Focus
⚔️ 18.4% · 🌾 81.6%
Fishing Ship ×14 · Hand Cannoneer ×10 · Hussite Wagon ×4 · Demolition Raft ×2
Feudal
12:30
Castle
16:29
Imperial
43:28
| APM avg | 50.8 |
| APM peak | 147 |
| eAPM avg | 18.8 |
| Villagers / military | 125 / 310 |
Focus
⚔️ 50.9% · 🌾 49.1%
Scout Cavalry ×145 · Conquistador ×119 · Cannon Galleon ×37 · Missionary ×4 · Trebuchet (Packed) ×4 · Knight ×1
Feudal
12:29
Castle
16:54
Imperial
52:44
| APM avg | 26.9 |
| APM peak | 98 |
| eAPM avg | 18.0 |
| Villagers / military | 121 / 519 |
Focus
⚔️ 39.4% · 🌾 60.6%
Skirmisher ×166 · Cavalry Archer ×111 · Konnik ×91 · Battering Ram ×88 · Fire Galley ×33 · Trade Cart ×27
Feudal
10:57
Castle
16:08
Imperial
38:41
| APM avg | 19.9 |
| APM peak | 45 |
| eAPM avg | 12.1 |
| Villagers / military | 164 / 400 |
Focus
⚔️ 32.4% · 🌾 67.6%
Skirmisher ×183 · Shrivamsha Rider ×120 · Chakram Thrower ×50 · Bombard Cannon ×18 · Hand Cannoneer ×10 · Trade Cart ×10
Match map
Initial resources + every placement click. Lines = walls · curves = elevation contours. ◆ gold · ⬟ stone · ● berries · ✦ relic · ◌ wall gap
Your base· ✓ Map-separated
psalmii's base· ✓ Map-separated
FGrammi's base· ✓ Map-separated
Jaryn's base· ✓ Map-separated
Smoothed initial terrain · ◌ = detected wall gap · hover for details
Inputs per minute
— Lord Bendtner - - psalmii
Build order — Lord Bendtner
79 actions detected in the replay
| 0:04 | Create | Villager (Male) ×4 |
| 1:30 | Create | Villager (Male) |
| 2:00 | Create | Villager (Male) |
| 2:21 | Create | Villager (Male) |
| 3:01 | Create | Villager (Male) ×2 |
| 3:31 | Build | Lumber Camp |
| 3:35 | Create | Villager (Male) |
| 3:48 | Create | Villager (Male) |
| 3:49 | Research | Loom |
| 4:03 | Create | Villager (Male) |
| 4:15 | Create | Villager (Male) |
| 4:27 | Create | Villager (Male) |
| 5:00 | Create | Villager (Male) |
| 5:07 | Create | Villager (Male) |
| 5:28 | Create | Villager (Male) |
| 5:34 | Research | Loom |
| 5:44 | Create | Villager (Male) |
| 5:52 | Create | Villager (Male) |
| 5:52 | Create | Villager (Male) |
| 6:22 | Create | Villager (Male) |
| 6:32 | Create | Villager (Male) |
| 7:17 | Build | Mill |
| 8:32 | Build | Mining Camp |
| 8:59 | Research | Feudal Age |
| 9:32 | Build | House |
| 11:09 | Age | Feudal Age |
| 11:19 | Research | Double-Bit Axe |
| 11:21 | Research | Wheelbarrow |
| 11:30 | Build | Dock |
| 12:23 | Create | Fishing Ship |
| 12:23 | Create | Fishing Ship |
| 12:23 | Create | Fishing Ship |
| 12:30 | Create | Villager (Male) ×2 |
| 12:47 | Build | Dock |
| 13:15 | Create | Villager (Male) ×2 |
| 13:17 | Create | Villager (Male) |
| 13:30 | Create | Demolition Raft |
| 13:30 | Create | Demolition Raft |
| 13:45 | Build | Dock |
| 14:00 | Build | House |
| 14:01 | Build | House |
| 14:25 | Create | Fishing Ship |
| 14:25 | Create | Fishing Ship |
| 14:27 | Create | Fishing Ship |
| 14:27 | Create | Fishing Ship |
| 14:38 | Build | Blacksmith |
| 14:45 | Build | Barracks |
| 14:48 | Create | Villager (Male) ×4 |
| 15:07 | Research | Tech 906 |
| 15:21 | Create | Fishing Ship |
| 15:25 | Create | Fishing Ship |
| 16:07 | Build | House |
| 16:38 | Build | Archery Range |
| 17:41 | Build | Archery Range |
| 17:53 | Build | Mill |
| 18:43 | Research | Castle Age |
| 19:14 | Build | Lumber Camp |
| 20:04 | Build | Archery Range |
| 21:10 | Build | House |
| 21:11 | Build | House |
| 21:23 | Age | Castle Age |
| 21:33 | Build | University |
| 21:35 | Create | Hussite Wagon |
| 21:47 | Create | Villager (Male) ×5 |
| 22:27 | Build | House |
| 22:30 | Research | Chemistry |
| 22:50 | Create | Villager (Male) ×2 |
| 23:00 | Build | Mining Camp |
| 23:31 | Build | Town Center |
| 24:12 | Create | Hand Cannoneer ×5 |
| 24:24 | Create | Villager (Male) |
| 24:44 | Create | Fishing Ship ×5 |
| 24:47 | Research | Gillnets |
| 25:44 | Create | Hand Cannoneer ×4 |
| 26:32 | Create | Hussite Wagon |
| 27:18 | Research | Padded Archer Armor |
| 27:20 | Create | Hand Cannoneer |
| 28:50 | Create | Hussite Wagon ×2 |
| 29:02 | Build | Mining Camp |
Build order — psalmii
First 150 of 805 actions detected
| 0:02 | Create | Villager (Male) |
| 0:03 | Create | Villager (Male) |
| 0:03 | Create | Villager (Male) |
| 0:03 | Create | Villager (Male) |
| 0:03 | Create | Villager (Male) |
| 0:03 | Create | Villager (Male) |
| 1:38 | Create | Villager (Male) |
| 1:38 | Create | Villager (Male) |
| 1:54 | Build | Lumber Camp |
| 2:27 | Create | Villager (Male) |
| 2:27 | Create | Villager (Male) |
| 2:27 | Create | Villager (Male) |
| 2:53 | Create | Villager (Male) |
| 4:03 | Create | Villager (Male) |
| 4:03 | Create | Villager (Male) |
| 4:03 | Create | Villager (Male) |
| 4:35 | Create | Villager (Male) |
| 4:36 | Create | Villager (Male) |
| 4:47 | Create | Villager (Male) |
| 4:48 | Create | Villager (Male) |
| 5:04 | Build | Mill |
| 6:10 | Create | Villager (Male) |
| 6:10 | Create | Villager (Male) |
| 6:29 | Create | Villager (Male) |
| 6:29 | Create | Villager (Male) |
| 6:29 | Create | Villager (Male) |
| 7:09 | Build | House |
| 8:15 | Create | Villager (Male) |
| 8:15 | Create | Villager (Male) |
| 8:41 | Build | Mining Camp |
| 8:44 | Create | Villager (Male) |
| 8:47 | Create | Villager (Male) |
| 9:04 | Build | Mining Camp |
| 9:43 | Research | Loom |
| 9:43 | Research | Feudal Age |
| 10:02 | Build | House |
| 10:23 | Build | Palisade Wall |
| 10:24 | Build | Palisade Wall |
| 10:24 | Build | Palisade Wall |
| 10:25 | Build | Palisade Wall |
| 10:26 | Build | Palisade Wall |
| 10:37 | Build | Palisade Wall |
| 10:38 | Build | Palisade Wall |
| 10:49 | Build | Palisade Wall |
| 10:50 | Build | Palisade Wall |
| 10:50 | Build | Palisade Wall |
| 10:51 | Build | Palisade Wall |
| 10:52 | Build | Palisade Wall |
| 11:12 | Build | Palisade Wall |
| 11:13 | Build | Palisade Wall |
| 11:14 | Build | Palisade Wall |
| 11:16 | Build | Palisade Wall |
| 11:17 | Build | Palisade Wall |
| 11:34 | Create | Villager (Male) |
| 11:34 | Create | Villager (Male) |
| 11:53 | Build | Palisade Wall |
| 11:54 | Build | Palisade Wall |
| 11:56 | Build | Palisade Wall |
| 11:57 | Build | Palisade Wall |
| 11:59 | Build | Palisade Wall |
| 12:30 | Age | Feudal Age |
| 12:55 | Build | Market |
| 13:12 | Build | Blacksmith |
| 13:22 | Build | House |
| 13:49 | Research | Castle Age |
| 14:08 | Research | Double-Bit Axe |
| 14:16 | Build | Farm |
| 14:29 | Research | Horse Collar |
| 14:39 | Build | Farm |
| 14:54 | Build | House |
| 15:15 | Build | Farm |
| 15:16 | Build | Farm |
| 15:17 | Build | Farm |
| 15:26 | Research | Gold Mining |
| 15:37 | Create | Villager (Male) |
| 16:29 | Age | Castle Age |
| 16:52 | Create | Conquistador |
| 16:52 | Create | Conquistador |
| 16:56 | Create | Villager (Male) |
| 16:56 | Create | Villager (Male) |
| 17:07 | Build | Town Center |
| 17:33 | Create | Villager (Male) |
| 18:19 | Build | Castle |
| 18:27 | Create | Villager (Male) |
| 18:40 | Build | Town Center |
| 19:03 | Build | Mill |
| 19:15 | Create | Villager (Male) |
| 19:28 | Create | Villager (Male) |
| 19:38 | Build | Farm |
| 19:39 | Build | Farm |
| 19:39 | Build | Farm |
| 19:39 | Build | Farm |
| 20:04 | Build | Stone Wall |
| 20:12 | Build | Stone Wall |
| 20:16 | Build | Stone Wall |
| 20:24 | Build | Stone Wall |
| 20:35 | Build | Stone Wall |
| 20:40 | Build | Stone Wall |
| 20:44 | Build | Stone Wall |
| 20:53 | Build | Gate |
| 21:01 | Create | Villager (Male) |
| 21:02 | Create | Villager (Male) |
| 21:09 | Create | Conquistador |
| 21:26 | Create | Conquistador |
| 21:32 | Create | Villager (Male) |
| 21:33 | Create | Villager (Male) |
| 21:35 | Create | Villager (Male) |
| 21:44 | Build | Farm |
| 21:44 | Build | Farm |
| 21:44 | Build | Farm |
| 21:45 | Build | Farm |
| 22:02 | Build | Farm |
| 22:02 | Build | Farm |
| 22:03 | Build | Farm |
| 22:03 | Build | Farm |
| 22:03 | Build | Farm |
| 22:07 | Research | Heavy Plow |
| 22:24 | Create | Conquistador |
| 23:04 | Create | Villager (Male) |
| 23:05 | Create | Villager (Male) |
| 23:09 | Create | Villager (Male) |
| 23:09 | Create | Villager (Male) |
| 23:11 | Create | Conquistador |
| 23:12 | Create | Conquistador |
| 24:00 | Research | Scale Barding Armor |
| 24:14 | Build | Barracks |
| 24:17 | Create | Conquistador |
| 24:18 | Create | Conquistador |
| 24:19 | Create | Villager (Male) |
| 24:19 | Create | Villager (Male) |
| 24:19 | Create | Villager (Male) |
| 25:01 | Create | Conquistador |
| 25:01 | Create | Conquistador |
| 25:02 | Create | Villager (Male) |
| 25:08 | Build | Stable |
| 25:21 | Create | Conquistador |
| 25:21 | Create | Conquistador |
| 26:14 | Create | Conquistador |
| 26:15 | Create | Conquistador |
| 26:26 | Create | Conquistador |
| 26:27 | Create | Villager (Male) |
| 26:27 | Create | Villager (Male) |
| 27:35 | Create | Conquistador |
| 27:35 | Create | Conquistador |
| 27:51 | Create | Conquistador |
| 28:05 | Create | Conquistador |
| 28:05 | Create | Conquistador |
| 28:06 | Create | Villager (Male) |
| 28:06 | Create | Villager (Male) |
| 28:18 | Research | Husbandry |
Build order — FGrammi
First 150 of 585 actions detected
| 0:01 | Create | Villager (Male) |
| 0:01 | Create | Villager (Male) |
| 0:01 | Create | Villager (Male) |
| 0:01 | Create | Villager (Male) |
| 0:02 | Create | Villager (Male) |
| 0:03 | Build | House |
| 0:04 | Build | House |
| 1:42 | Create | Villager (Male) |
| 1:42 | Create | Villager (Male) |
| 1:47 | Build | Lumber Camp |
| 2:15 | Create | Villager (Male) |
| 2:15 | Create | Villager (Male) |
| 2:26 | Research | Loom |
| 2:30 | Build | House |
| 2:38 | Create | Villager (Male) |
| 3:18 | Create | Villager (Male) |
| 3:29 | Create | Villager (Male) |
| 4:02 | Create | Villager (Male) |
| 4:25 | Create | Villager (Male) |
| 4:36 | Create | Villager (Male) |
| 5:06 | Build | House |
| 5:30 | Create | Villager (Male) |
| 5:43 | Create | Villager (Male) |
| 6:09 | Create | Villager (Male) |
| 6:35 | Create | Villager (Male) |
| 6:39 | Create | Villager (Male) |
| 6:45 | Build | Palisade Wall |
| 6:47 | Build | Palisade Wall |
| 6:48 | Build | Palisade Wall |
| 7:04 | Create | Villager (Male) |
| 7:25 | Create | Villager (Male) |
| 7:31 | Build | Mill |
| 7:43 | Build | Palisade Wall |
| 7:56 | Build | Palisade Wall |
| 8:03 | Build | Palisade Wall |
| 8:30 | Create | Villager (Male) |
| 8:49 | Create | Villager (Male) |
| 9:00 | Build | House |
| 9:17 | Create | Villager (Male) |
| 9:47 | Create | Villager (Male) |
| 9:58 | Build | Palisade Gate |
| 10:18 | Create | Villager (Male) |
| 10:19 | Research | Feudal Age |
| 10:56 | Build | Barracks |
| 10:59 | Build | House |
| 12:04 | Build | Mill |
| 12:29 | Age | Feudal Age |
| 12:36 | Create | Villager (Male) |
| 13:04 | Build | Market |
| 13:13 | Create | Villager (Male) |
| 13:43 | Build | Blacksmith |
| 14:14 | Research | Castle Age |
| 14:20 | Build | Farm |
| 14:21 | Build | Farm |
| 14:21 | Build | Farm |
| 14:21 | Build | Farm |
| 14:21 | Build | Farm |
| 14:22 | Build | Farm |
| 14:40 | Research | Scale Barding Armor |
| 14:43 | Research | Forging |
| 15:06 | Build | Mining Camp |
| 15:45 | Build | Farm |
| 15:45 | Build | Farm |
| 16:25 | Build | House |
| 16:33 | Build | Farm |
| 16:54 | Age | Castle Age |
| 16:57 | Create | Konnik |
| 16:58 | Create | Konnik |
| 16:58 | Create | Konnik |
| 17:08 | Create | Konnik |
| 17:11 | Create | Villager (Male) |
| 17:27 | Research | Stirrups |
| 17:43 | Create | Villager (Male) |
| 17:55 | Build | Farm |
| 17:58 | Research | Double-Bit Axe |
| 18:07 | Create | Villager (Male) |
| 18:20 | Build | House |
| 18:24 | Create | Konnik |
| 18:24 | Create | Konnik |
| 18:32 | Create | Villager (Male) |
| 19:10 | Create | Villager (Male) |
| 19:10 | Create | Villager (Male) |
| 19:14 | Research | Iron Casting |
| 19:30 | Build | Mining Camp |
| 19:34 | Build | Mining Camp |
| 19:44 | Create | Konnik |
| 20:22 | Create | Villager (Male) |
| 20:22 | Create | Villager (Male) |
| 20:27 | Build | Farm |
| 20:27 | Build | Farm |
| 20:28 | Build | Farm |
| 20:28 | Build | Farm |
| 20:28 | Build | Farm |
| 20:29 | Build | Farm |
| 21:00 | Create | Villager (Male) |
| 21:01 | Create | Villager (Male) |
| 21:25 | Create | Konnik |
| 21:25 | Create | Konnik |
| 21:41 | Create | Villager (Male) |
| 21:41 | Create | Villager (Male) |
| 22:01 | Build | Monastery |
| 22:04 | Create | Villager (Male) |
| 22:39 | Create | Villager (Male) |
| 22:39 | Create | Villager (Male) |
| 22:40 | Create | Monk |
| 23:09 | Create | Villager (Male) |
| 23:20 | Build | Farm |
| 23:20 | Build | Farm |
| 23:21 | Build | Farm |
| 23:21 | Build | Farm |
| 23:55 | Research | Horse Collar |
| 23:56 | Create | Konnik |
| 23:56 | Create | Konnik |
| 23:56 | Create | Konnik |
| 24:18 | Build | Castle |
| 24:26 | Create | Konnik |
| 24:26 | Create | Konnik |
| 24:34 | Create | Villager (Male) |
| 24:34 | Create | Villager (Male) |
| 24:58 | Build | House |
| 25:09 | Create | Villager (Male) |
| 25:10 | Create | Villager (Male) |
| 25:19 | Build | Farm |
| 25:19 | Build | Farm |
| 25:19 | Build | Farm |
| 25:22 | Create | Villager (Male) |
| 25:59 | Create | Konnik |
| 25:59 | Create | Konnik |
| 26:00 | Create | Konnik |
| 26:45 | Create | Konnik |
| 26:45 | Create | Konnik |
| 26:47 | Create | Villager (Male) |
| 26:48 | Create | Villager (Male) |
| 26:48 | Create | Villager (Male) |
| 26:54 | Build | Farm |
| 26:54 | Build | Farm |
| 26:54 | Build | Farm |
| 26:55 | Build | Farm |
| 28:10 | Create | Villager (Male) |
| 28:10 | Create | Villager (Male) |
| 28:13 | Research | Wheelbarrow |
| 28:15 | Create | Konnik |
| 28:15 | Create | Konnik |
| 28:15 | Create | Konnik |
| 28:15 | Create | Konnik |
| 28:25 | Build | Siege Workshop |
| 28:35 | Create | Konnik |
| 28:36 | Create | Konnik |
| 28:36 | Create | Konnik |
| 28:52 | Research | Chain Barding Armor |
Build order — Jaryn
First 150 of 513 actions detected
| 0:05 | Build | House |
| 0:09 | Create | Villager (Male) |
| 0:09 | Create | Villager (Male) |
| 0:09 | Create | Villager (Male) |
| 0:09 | Create | Villager (Male) |
| 0:09 | Create | Villager (Male) |
| 0:10 | Create | Villager (Male) |
| 1:35 | Build | Mill |
| 1:44 | Create | Villager (Male) |
| 1:45 | Create | Villager (Male) |
| 2:35 | Create | Villager (Male) |
| 2:35 | Create | Villager (Male) |
| 2:35 | Create | Villager (Male) |
| 3:12 | Create | Villager (Male) |
| 3:12 | Create | Villager (Male) |
| 3:47 | Create | Villager (Male) |
| 3:47 | Create | Villager (Male) |
| 3:47 | Create | Villager (Male) |
| 4:19 | Create | Villager (Male) |
| 4:20 | Create | Villager (Male) |
| 4:20 | Create | Villager (Male) |
| 4:37 | Create | Villager (Male) |
| 4:37 | Create | Villager (Male) |
| 4:38 | Create | Villager (Male) |
| 4:47 | Build | Mill |
| 5:21 | Create | Villager (Male) |
| 5:21 | Create | Villager (Male) |
| 5:31 | Build | Lumber Camp |
| 5:34 | Create | Villager (Male) |
| 5:34 | Create | Villager (Male) |
| 6:18 | Create | Villager (Male) |
| 6:18 | Create | Villager (Male) |
| 6:18 | Create | Villager (Male) |
| 6:18 | Create | Villager (Male) |
| 7:06 | Create | Villager (Male) |
| 7:07 | Create | Villager (Male) |
| 7:07 | Create | Villager (Male) |
| 7:15 | Build | Lumber Camp |
| 7:53 | Research | Loom |
| 7:57 | Create | Villager (Male) |
| 8:20 | Research | Feudal Age |
| 8:36 | Build | Mining Camp |
| 8:50 | Build | Palisade Wall |
| 8:54 | Build | Palisade Wall |
| 9:35 | Build | House |
| 9:40 | Build | Palisade Wall |
| 10:57 | Age | Feudal Age |
| 10:59 | Create | Villager (Male) |
| 10:59 | Create | Villager (Male) |
| 11:33 | Build | Blacksmith |
| 11:40 | Build | Market |
| 13:01 | Build | Barracks |
| 13:26 | Build | House |
| 13:28 | Research | Castle Age |
| 14:19 | Research | Double-Bit Axe |
| 14:20 | Research | Horse Collar |
| 14:37 | Build | Palisade Wall |
| 15:06 | Build | Stable |
| 16:08 | Build | Farm |
| 16:08 | Age | Castle Age |
| 16:09 | Build | Farm |
| 16:10 | Build | Farm |
| 16:12 | Build | Farm |
| 16:17 | Create | Villager (Male) |
| 16:18 | Create | Villager (Male) |
| 16:21 | Build | Farm |
| 16:42 | Build | Town Center |
| 16:49 | Create | Chakram Thrower ×5 |
| 17:31 | Build | Farm |
| 17:34 | Build | Farm |
| 17:54 | Build | House |
| 18:01 | Build | Palisade Wall |
| 18:26 | Create | Villager (Male) |
| 18:26 | Create | Villager (Male) |
| 18:35 | Build | Lumber Camp |
| 18:40 | Create | Chakram Thrower |
| 18:40 | Create | Chakram Thrower |
| 18:40 | Create | Chakram Thrower |
| 18:40 | Create | Chakram Thrower |
| 18:41 | Create | Chakram Thrower |
| 18:41 | Create | Chakram Thrower |
| 18:41 | Create | Chakram Thrower |
| 19:00 | Create | Villager (Male) |
| 19:00 | Create | Villager (Male) |
| 19:05 | Build | Farm |
| 19:08 | Build | Farm |
| 19:38 | Build | Farm |
| 19:39 | Build | Farm |
| 19:41 | Create | Villager (Male) |
| 19:41 | Create | Villager (Male) |
| 19:42 | Create | Villager (Male) |
| 19:58 | Create | Villager (Male) |
| 19:58 | Create | Villager (Male) |
| 20:09 | Create | Villager (Male) |
| 20:09 | Create | Villager (Male) |
| 20:09 | Create | Villager (Male) |
| 20:26 | Build | Farm |
| 20:33 | Build | Farm |
| 20:41 | Build | Farm |
| 20:42 | Build | Farm |
| 20:44 | Create | Villager (Male) |
| 20:45 | Create | Villager (Male) |
| 20:45 | Create | Villager (Male) |
| 20:56 | Create | Chakram Thrower |
| 20:56 | Create | Chakram Thrower |
| 21:04 | Create | Chakram Thrower |
| 21:23 | Create | Villager (Male) |
| 21:23 | Create | Villager (Male) |
| 21:43 | Build | House |
| 21:44 | Build | House |
| 21:45 | Build | House |
| 21:53 | Build | House |
| 21:55 | Build | House |
| 21:56 | Build | House |
| 21:58 | Build | House |
| 22:01 | Create | Villager (Male) |
| 22:02 | Create | Villager (Male) |
| 22:02 | Create | Villager (Male) |
| 22:02 | Create | Villager (Male) |
| 22:19 | Build | Farm |
| 22:29 | Build | University |
| 22:33 | Research | Forging |
| 22:36 | Build | Farm |
| 23:03 | Build | Farm |
| 23:04 | Create | Villager (Male) |
| 23:04 | Create | Villager (Male) |
| 23:09 | Create | Villager (Male) |
| 23:09 | Create | Villager (Male) |
| 23:09 | Create | Villager (Male) |
| 23:30 | Build | Farm |
| 23:31 | Build | Farm |
| 23:39 | Create | Villager (Male) |
| 23:39 | Create | Villager (Male) |
| 24:07 | Research | Scale Mail Armor |
| 24:09 | Build | Farm |
| 24:12 | Research | Ballistics |
| 24:30 | Create | Villager (Male) |
| 24:30 | Create | Villager (Male) |
| 24:52 | Research | Iron Casting |
| 24:54 | Build | Farm |
| 24:56 | Create | Villager (Male) |
| 24:57 | Create | Villager (Male) |
| 25:03 | Create | Villager (Male) |
| 25:03 | Create | Villager (Male) |
| 25:03 | Create | Villager (Male) |
| 28:07 | Create | Chakram Thrower ×5 |
| 28:07 | Create | Chakram Thrower ×5 |
| 28:07 | Create | Chakram Thrower ×5 |
| 28:09 | Research | Heavy Plow |
| 28:10 | Research | Bow Saw |
Match timeline
| 6:45 | FGrammi · wall_segment Palisade Wall x1 |
| 6:47 | FGrammi · wall_segment Palisade Wall x1 |
| 6:48 | FGrammi · wall_segment Palisade Wall x1 |
| 7:43 | FGrammi · wall_segment Palisade Wall x1 |
| 7:56 | FGrammi · wall_segment Palisade Wall x1 |
| 8:03 | FGrammi · wall_segment Palisade Wall x1 |
| 8:50 | Jaryn · wall_segment Palisade Wall x2 |
| 8:54 | Jaryn · wall_segment Palisade Wall x1 |
| 9:40 | Jaryn · wall_segment Palisade Wall x1 |
| 10:23 | psalmii · wall_segment Palisade Wall x1 |
| 10:24 | psalmii · wall_segment Palisade Wall x1 |
| 10:24 | psalmii · wall_segment Palisade Wall x1 |
| 10:25 | psalmii · wall_segment Palisade Wall x1 |
| 10:26 | psalmii · wall_segment Palisade Wall x1 |
| 10:37 | psalmii · wall_segment Palisade Wall x1 |
| 10:38 | psalmii · wall_segment Palisade Wall x1 |
| 10:49 | psalmii · wall_segment Palisade Wall x1 |
| 10:50 | psalmii · wall_segment Palisade Wall x1 |
| 10:50 | psalmii · wall_segment Palisade Wall x1 |
| 10:51 | psalmii · wall_segment Palisade Wall x1 |
| 10:52 | psalmii · wall_segment Palisade Wall x1 |
| 10:56 | FGrammi · first_building Barracks |
| 10:57 | Jaryn · age_up feudal |
| 11:09 | Lord Bendtner · age_up feudal |
| 11:12 | psalmii · wall_segment Palisade Wall x1 |
| 11:13 | psalmii · wall_segment Palisade Wall x1 |
| 11:14 | psalmii · wall_segment Palisade Wall x1 |
| 11:16 | psalmii · wall_segment Palisade Wall x1 |
| 11:17 | psalmii · wall_segment Palisade Wall x1 |
| 11:30 | Lord Bendtner · first_building Dock |
| 11:53 | psalmii · wall_segment Palisade Wall x1 |
| 11:54 | psalmii · wall_segment Palisade Wall x1 |
| 11:56 | psalmii · wall_segment Palisade Wall x1 |
| 11:57 | psalmii · wall_segment Palisade Wall x1 |
| 11:59 | psalmii · wall_segment Palisade Wall x1 |
| 12:29 | FGrammi · age_up feudal |
| 12:30 | psalmii · age_up feudal |
| 13:01 | Jaryn · first_building Barracks |
| 14:09 | FGrammi · first_market_sell 100 food |
| 14:37 | Jaryn · wall_segment Palisade Wall x1 |
| 14:45 | Lord Bendtner · first_building Barracks |
| 15:06 | Jaryn · first_building Stable |
| 16:08 | Jaryn · age_up castle |
| 16:29 | psalmii · age_up castle |
| 16:38 | Lord Bendtner · first_building Archery Range |
| 16:54 | FGrammi · age_up castle |
| 17:21 | FGrammi · first_market_buy 100 food |
| 18:01 | Jaryn · wall_segment Palisade Wall x1 |
| 18:19 | psalmii · first_building Castle |
| 20:04 | psalmii · wall_segment Stone Wall x3 |
| 20:12 | psalmii · wall_segment Stone Wall x4 |
| 20:16 | psalmii · wall_segment Stone Wall x5 |
| 20:24 | psalmii · wall_segment Stone Wall x2 |
| 20:35 | psalmii · wall_segment Stone Wall x4 |
| 20:40 | psalmii · wall_segment Stone Wall x6 |
| 20:44 | psalmii · wall_segment Stone Wall x2 |
| 21:23 | Lord Bendtner · age_up castle |
| 22:01 | FGrammi · first_building Monastery |
| 24:14 | psalmii · first_building Barracks |
| 24:18 | FGrammi · first_building Castle |
| 25:08 | psalmii · first_building Stable |
| 28:25 | FGrammi · first_building Siege Workshop |
| 29:55 | Lord Bendtner · resign |
| 31:24 | psalmii · first_building Monastery |
| 31:34 | Jaryn · wall_segment Stone Wall x1 |
| 34:17 | FGrammi · first_building Archery Range |
| 34:54 | Jaryn · first_building Siege Workshop |
| 36:25 | FGrammi · first_building Krepost |
| 37:18 | Jaryn · first_building Castle |
| 38:41 | Jaryn · age_up imperial |
| 39:05 | psalmii · wall_segment Stone Wall x8 |
| 43:28 | psalmii · age_up imperial |
| 44:59 | Jaryn · first_building Archery Range |
| 48:41 | psalmii · wall_segment Stone Wall x7 |
| 48:49 | psalmii · wall_segment Stone Wall x5 |
| 49:05 | Jaryn · tribute_sent a jugador 1 |
| 49:05 | Jaryn · tribute_sent a jugador 2 |
| 49:05 | Jaryn · tribute_sent a jugador 3 |
| 50:46 | psalmii · first_building Dock |
| 50:54 | Jaryn · first_building Monastery |
| 52:44 | FGrammi · age_up imperial |
| 55:18 | Jaryn · wall_segment Stone Wall x6 |
| 61:02 | psalmii · wall_segment Stone Wall x1 |
| 61:05 | psalmii · wall_segment Stone Wall x1 |
| 61:06 | psalmii · wall_segment Stone Wall x1 |
| 61:07 | psalmii · wall_segment Stone Wall x1 |
| 61:08 | psalmii · wall_segment Stone Wall x1 |
| 61:08 | psalmii · wall_segment Stone Wall x1 |
| 61:08 | psalmii · wall_segment Stone Wall x1 |
| 61:09 | psalmii · wall_segment Stone Wall x1 |
| 61:09 | psalmii · wall_segment Stone Wall x1 |
| 61:09 | psalmii · wall_segment Stone Wall x1 |
| 61:12 | psalmii · wall_segment Stone Wall x1 |
| 62:24 | psalmii · wall_segment Stone Wall x1 |
| 62:24 | psalmii · wall_segment Stone Wall x1 |
| 62:24 | psalmii · wall_segment Stone Wall x1 |
| 62:24 | psalmii · wall_segment Stone Wall x1 |
| 62:24 | psalmii · wall_segment Stone Wall x1 |
| 62:25 | psalmii · wall_segment Stone Wall x1 |
| 62:25 | psalmii · wall_segment Stone Wall x2 |
| 62:25 | psalmii · wall_segment Stone Wall x1 |
| 62:25 | psalmii · wall_segment Stone Wall x1 |
| 62:26 | psalmii · wall_segment Stone Wall x2 |
| 62:26 | psalmii · wall_segment Stone Wall x1 |
| 62:26 | psalmii · wall_segment Stone Wall x1 |
| 62:26 | psalmii · wall_segment Stone Wall x1 |
| 62:26 | psalmii · wall_segment Stone Wall x2 |
| 62:27 | psalmii · wall_segment Stone Wall x1 |
| 62:29 | psalmii · wall_segment Stone Wall x1 |
| 62:30 | psalmii · wall_segment Stone Wall x2 |
| 62:30 | psalmii · wall_segment Stone Wall x1 |
| 62:30 | psalmii · wall_segment Stone Wall x1 |
| 62:30 | psalmii · wall_segment Stone Wall x2 |
| 62:30 | psalmii · wall_segment Stone Wall x1 |
| 62:31 | psalmii · wall_segment Stone Wall x1 |
| 62:31 | psalmii · wall_segment Stone Wall x2 |
| 62:31 | psalmii · wall_segment Stone Wall x1 |
| 62:32 | psalmii · wall_segment Stone Wall x1 |
| 62:32 | psalmii · wall_segment Stone Wall x1 |
| 62:32 | psalmii · wall_segment Stone Wall x1 |
| 62:32 | psalmii · wall_segment Stone Wall x2 |
| 62:32 | psalmii · wall_segment Stone Wall x1 |
| 62:33 | psalmii · wall_segment Stone Wall x2 |
| 62:33 | psalmii · wall_segment Stone Wall x1 |
| 62:34 | psalmii · wall_segment Stone Wall x1 |
| 62:34 | psalmii · wall_segment Stone Wall x1 |
| 62:34 | psalmii · wall_segment Stone Wall x2 |
| 62:35 | psalmii · wall_segment Stone Wall x2 |
| 62:35 | psalmii · wall_segment Stone Wall x2 |
| 62:35 | psalmii · wall_segment Stone Wall x1 |
| 62:35 | psalmii · wall_segment Stone Wall x1 |
| 62:36 | psalmii · wall_segment Stone Wall x1 |
| 62:36 | psalmii · wall_segment Stone Wall x1 |
| 62:36 | psalmii · wall_segment Stone Wall x2 |
| 62:36 | psalmii · wall_segment Stone Wall x1 |
| 62:36 | psalmii · wall_segment Stone Wall x1 |
| 62:37 | psalmii · wall_segment Stone Wall x2 |
| 62:37 | psalmii · wall_segment Stone Wall x1 |
| 62:37 | psalmii · wall_segment Stone Wall x1 |
| 62:38 | psalmii · wall_segment Stone Wall x1 |
| 62:38 | psalmii · wall_segment Stone Wall x1 |
| 62:38 | psalmii · wall_segment Stone Wall x1 |
| 62:38 | psalmii · wall_segment Stone Wall x1 |
| 62:38 | psalmii · wall_segment Stone Wall x1 |
| 62:39 | psalmii · wall_segment Stone Wall x1 |
| 62:42 | psalmii · wall_segment Stone Wall x1 |
| 65:54 | FGrammi · wall_segment Palisade Wall x1 |
| 65:57 | FGrammi · wall_segment Palisade Wall x1 |
| 65:59 | FGrammi · wall_segment Palisade Wall x1 |
| 66:06 | FGrammi · wall_segment Palisade Wall x1 |
| 66:25 | FGrammi · wall_segment Palisade Wall x2 |
| 66:29 | FGrammi · wall_segment Palisade Wall x3 |
| 66:36 | FGrammi · wall_segment Palisade Wall x3 |
| 76:59 | FGrammi · first_building Dock |
| 77:24 | Jaryn · first_building Dock |
| 79:59 | psalmii · wall_segment Stone Wall x1 |
| 79:59 | psalmii · wall_segment Stone Wall x1 |
| 80:01 | psalmii · wall_segment Stone Wall x1 |
| 80:02 | psalmii · wall_segment Stone Wall x1 |
| 80:02 | psalmii · wall_segment Stone Wall x1 |
| 80:02 | psalmii · wall_segment Stone Wall x1 |
| 80:02 | psalmii · wall_segment Stone Wall x1 |
| 80:03 | psalmii · wall_segment Stone Wall x1 |
| 80:04 | psalmii · wall_segment Stone Wall x1 |
| 87:02 | psalmii · wall_segment Stone Wall x5 |
| 87:06 | psalmii · wall_segment Stone Wall x20 |
| 88:45 | psalmii · wall_segment Stone Wall x8 |
| 95:03 | Jaryn · first_market_sell 500 food |
[ AI ANALYSIS · 1 CREDIT ]
What really happened in this match?
Wolo.gg analyzes every decision: build order, eco, micro, common mistakes by bracket. Personalized analysis on WhatsApp or Discord in 30 seconds.
Civ guide
Bohemians
Perfil
Jugador #940321